 Dungeon Crawl Stone Soup version 0.21.1-1-g345015f (webtiles) character file.

1635 Mgcat the Grappler (level 8, -3/84 HPs)
             Began as a Troll Transmuter on Mar 11, 2018.
             Was a Believer of Okawaru.
             Slain by a gnoll
             ... wielding a +0 halberd of electrocution
              (17 damage)
             ... in a bailey.
             The game lasted 00:13:15 (4487 turns).

Mgcat the Grappler (Troll Transmuter)               Turns: 4487, Time: 00:13:16

Health: -3/84      AC:  5    Str: 21    XL:     8   Next: 66%
Magic:  8/8        EV:  7    Int:  9    God:    Okawaru [**....]
Gold:   274        SH:  7    Dex: 10    Spells: 6/9 levels left

rFire    . . .     SeeInvis .     - Unarmed
rCold    . . .     Gourm    +   m - +0 shield
rNeg     . . .     Faith    .   b - +0 robe
rPois    .         Spirit   .   (helmet restricted)
rElec    .         Reflect  .   (no cloak)
rCorr    +         Harm     .   (gloves unavailable)
MR       .....                  (boots unavailable)
Stlth    +.........             r - amulet of regeneration {+regen, !d}
HPRegen  1.04/turn              s - ring of resist corrosion
MPRegen  0.11/turn              (no ring)

@: no status effects
A: large, unfitting armour, claws 3, fast metabolism 3, gourmand, regeneration
1, shaggy fur 1, tough skin 2
a: Heroism, Renounce Religion


You were in a bailey.
You worshipped Okawaru.
Okawaru was pleased with you.
You were completely stuffed.

You visited 2 branches of the dungeon, and saw 8 of its levels.
You also visited: Bailey.

You collected 274 gold pieces.

Inventory:

Missiles
 a - 113 arrows
 o - 5 tomahawks
 y - 26 tomahawks of returning (quivered)
Armour
 b - a +0 robe (worn)
 m - a +0 shield (worn)
   (You found it on level 2 of the Dungeon)
Jewellery
 r - an amulet of regeneration (around neck) {+regen, !d}
   (You found it on level 5 of the Dungeon)
 s - a ring of resist corrosion (left claw)
   (You found it on level 6 of the Dungeon)
Wands
 k - a wand of paralysis (17)
   (You found it on level 5 of the Dungeon)
 t - a wand of digging (11)
   (You found it on level 5 of the Dungeon)
Scrolls
 e - 2 scrolls of teleportation {unknown}
 f - 3 scrolls of amnesia {unknown}
 g - 3 scrolls of identify {unknown}
 h - 5 scrolls of remove curse {unknown}
 i - 2 scrolls of enchant weapon {unknown}
 l - a scroll of noise {unknown}
 u - a scroll of enchant armour {unknown}
 v - a scroll of random uselessness {unknown}
Potions
 j - 3 potions of lignification {unknown}
 p - 2 potions of mutation {unknown}
 q - a potion of might {unknown}
 z - a potion of heal wounds {unknown}
Books
 c - a book of Changes
 x - a book of Minor Magic
   (You found it on level 6 of the Dungeon)
Comestibles
 d - 13 rations
 w - 10 chunks of flesh {@w0}


   Skills:
 + Level 6.5 Fighting
 - Level 1.5 Dodging
 + Level 8.4 Unarmed Combat
 - Level 1.2 Spellcasting
 - Level 1.3 Transmutations


You had 6 spell levels left.
You knew the following spells:

 Your Spells              Type           Power        Failure   Level  Hunger
a - Beastly Appendage     Tmut           #.....       82%         1    ##.....
b - Sticks to Snakes      Tmut           #.......     91%         2    ###....


Dungeon Overview and Level Annotations

Branches:
Dungeon (7/15)             Temple (1/1) D:5

Altars:
Ashenzari
Cheibriados
Dithmenos
Fedhas
Gozag
Kikubaaqudgha
Makhleb
Nemelex Xobeh
Okawaru
Sif Muna
Trog
Uskayaw
Vehumet
Wu Jian
Xom
Yredelemnul
Zin

Shops:
D:4 }

Annotations:
D:4 Serooblart's ghost, amateur MiFi
D:5 1 runed door


Innate Abilities, Weirdness & Mutations

You are too large for most types of armour.
You have claws for hands.
Your metabolism is lightning-fast.
You like to eat raw meat.
Your natural rate of healing is unusually fast.
You are covered in fur. (AC +1)
You have very tough skin. (AC +2)


Message History

The hobgoblin throws a tomahawk of returning.
The tomahawk of returning closely misses you.
The weapon returns to the hobgoblin!
Quiver which item? (- for none, * to show all) (? for menu, Esc to quit)
Quivering
y - 32 tomahawks of returning for throwing.
Throwing (i - inventory. (,) - cycle):
y - 32 tomahawks of returning (quivered)
Press: ? - help, Shift-Dir - straight line, f - hobgoblin
Aim: a hobgoblin You throw a tomahawk of returning.
The tomahawk of returning hits the hobgoblin.
The hobgoblin is moderately wounded.
The tomahawk of returning fails to return to your pack!
The hobgoblin throws a tomahawk of returning.
The tomahawk of returning hits you.
The weapon returns to the hobgoblin!
Throwing (i - inventory. (,) - cycle):
y - 31 tomahawks of returning (quivered)
Press: ? - help, Shift-Dir - straight line, f/p - hobgoblin
Aim: a hobgoblin (moderately wounded)
You throw a tomahawk of returning.
The tomahawk of returning barely misses the hobgoblin.
The tomahawk of returning fails to return to your pack!
The hobgoblin throws a tomahawk of returning.
The tomahawk of returning hits you.
The weapon returns to the hobgoblin!
Throwing (i - inventory. (,) - cycle):
y - 30 tomahawks of returning (quivered)
Press: ? - help, Shift-Dir - straight line, f/p - hobgoblin
Aim: a hobgoblin (moderately wounded)
You throw a tomahawk of returning.
The tomahawk of returning barely misses the hobgoblin.
The tomahawk of returning fails to return to your pack!
The hobgoblin barely misses you. You block the gnoll's attack.
There is a fountain of clear blue water here.
The hobgoblin throws a tomahawk of returning.
The tomahawk of returning barely misses you.
You see here a tomahawk of returning.
The hobgoblin throws a tomahawk of returning.
The tomahawk of returning hits you.
There is an open door, spattered with blood here.
Things that are here:
a tomahawk of returning; a halberd The hobgoblin throws a tomahawk of returning.
You block the tomahawk of returning.
The weapon returns to the hobgoblin!
There is an open door, spattered with blood here.
Items here: )) ÷÷ a halberd of electrocution; a halberd; a hobgoblin skeleton; a gnoll skeleton You see here a halberd.
Throwing (i - inventory. (,) - cycle):
y - 29 tomahawks of returning (quivered)
Press: ? - help, Shift-Dir - straight line, f - gnoll
Aim: a gnoll, wielding a halberd of electrocution You throw a tomahawk of returning.
The tomahawk of returning hits the gnoll but does no damage.
The tomahawk of returning fails to return to your pack!
The gnoll hits you with a halberd of electrocution.
There is an open door, spattered with blood here.
Items here: )) ÷÷ a halberd of electrocution; a halberd; a hobgoblin skeleton; a gnoll skeleton You claw the gnoll!
The gnoll is almost dead.
The gnoll closely misses you.
You claw the gnoll!
You kill the gnoll!
Okawaru accepts your kill.
The hobgoblin throws a tomahawk of returning.
You block the tomahawk of returning.
The weapon returns to the hobgoblin!
Throwing (i - inventory. (,) - cycle):
y - 28 tomahawks of returning (quivered)
Press: ? - help, Shift-Dir - straight line, f - hobgoblin
Aim: a hobgoblin (moderately wounded)
You throw a tomahawk of returning.
The tomahawk of returning closely misses the hobgoblin.
The tomahawk of returning fails to return to your pack!
The hobgoblin barely misses you.
The hobgoblin throws a tomahawk of returning.
The tomahawk of returning hits you but does no damage.
Things that are here:
a tomahawk of returning; a halberd Throwing (i - inventory. (,) - cycle):
y - 27 tomahawks of returning (quivered)
Press: ? - help, Shift-Dir - straight line, f/p - hobgoblin
Aim: a hobgoblin (moderately wounded)
You throw a tomahawk of returning.
The tomahawk of returning hits the hobgoblin.
The hobgoblin is severely wounded.
The tomahawk of returning fails to return to your pack!
You closely miss the hobgoblin.
The hobgoblin is severely wounded.
The hobgoblin hits you.
The gnoll hits you from afar with a halberd of electrocution!
You closely miss the hobgoblin.
The hobgoblin is severely wounded.
The hobgoblin hits you.
You barely miss the hobgoblin.
The hobgoblin is severely wounded.
You block the gnoll's attack.
The hobgoblin drinks a potion.
The hobgoblin is healed!
You claw the hobgoblin!
You kill the hobgoblin!
Okawaru accepts your kill. The gnoll hits you but does no damage.
The gnoll hits you from afar with a halberd of electrocution!
You are electrocuted!
* * * LOW HITPOINT WARNING * * *
The gnoll hits you with a halberd of electrocution!
You die...

### ### ##### ### ##
#∩###.###(@g###.# #.#
##'##'##'###g##'##'#
##.†...## ##(....#
###†....#####.....###
#.'..∩..'.#.'..⌠..'.#
###.....#####.....###
##.....## ##....†##
##'##'##+###+##'##'##
#.###.###)#.###.###(#


You could see 2 gnolls.

Vanquished Creatures
  A soldier ant (D:5)
  An ice beast (D:6)
  3 phantoms (D:5)
  A necrophage (D:6)
  A centaur (D:6)
  A bullfrog (D:6)
  2 scorpions
  5 killer bees (D:7)
  A bullfrog skeleton (D:5)
  A centaur skeleton (D:7)
  A jelly (D:6)
  An orc wizard (D:5)
  An orc priest (D:5)
  A hound (D:6)
  9 worker ants
  6 gnolls (Bailey)
  2 adders
  A shadow imp (D:5)
  An ooze (D:3)
  An adder zombie (D:5)
  4 worms
  6 leopard geckos
  14 orcs
  9 giant cockroaches
  7 goblins
  19 hobgoblins
  6 jackals (D:2)
  11 kobolds
  5 quokkas
  2 ball pythons
  7 bats
  4 frilled lizards
  A jackal skeleton (D:5)
  12 rats
  A butterfly (D:5)
149 creatures vanquished.

Notes
Turn   | Place    | Note
-------+----------+-------------------------------------------
     0 | D:1      | Mgcat the Troll Transmuter began the quest for the Orb.
     0 | D:1      | Reached XP level 1. HP: 18/18 MP: 1/1
   201 | D:1      | Reached skill level 1 in Fighting
   312 | D:1      | Reached XP level 2. HP: 27/27 MP: 2/2
   976 | D:2      | Reached XP level 3. HP: 35/35 MP: 3/3
  1042 | D:2      | Found a shimmering altar of Xom.
  1069 | D:2      | Reached skill level 2 in Fighting
  1203 | D:2      | Reached skill level 4 in Unarmed Combat
  1276 | D:2      | Learned a level 2 spell: Sticks to Snakes
  1439 | D:2      | Reached XP level 4. HP: 42/42 MP: 4/4
  1595 | D:2      | Found a bloodstained altar of Trog.
  2378 | D:3      | Reached XP level 5. HP: 38/52 MP: 5/5
  2405 | D:4      | Found a shadowy altar of Dithmenos.
  2430 | D:4      | Reached skill level 3 in Fighting
  2435 | D:4      | Found Rutiala's Gadget Emporium.
  2463 | D:4      | Found a shattered altar of Ashenzari.
  2470 | D:4      | Noticed Serooblart's ghost (amateur MiFi)
  2483 | D:5      | Entered Level 5 of the Dungeon
  2575 | D:5      | Noticed a phantom
  2583 | D:5      | Reached skill level 5 in Unarmed Combat
  2595 | D:5      | Killed a phantom
  2595 | D:5      | Reached XP level 6. HP: 61/61 MP: 6/6
  2732 | D:5      | Reached skill level 4 in Fighting
  2809 | D:5      | Found a staircase to the Ecumenical Temple.
  2815 | Temple   | Entered the Ecumenical Temple
  2820 | Temple   | Became a worshipper of Warmaster Okawaru
  2948 | D:5      | Reached skill level 6 in Unarmed Combat
  2966 | D:5      | Reached XP level 7. HP: 70/70 MP: 7/7
  3406 | D:5      | Found a runed door.
  3418 | D:5      | Found a runed door.
  3447 | D:5      | Reached * piety under Okawaru
  3453 | D:5      | Reached skill level 5 in Fighting
  3491 | D:5      | Reached skill level 7 in Unarmed Combat
  3573 | D:6      | Found a blossoming altar of Fedhas.
  3573 | D:6      | Found a sparkling altar of Nemelex Xobeh.
  3578 | D:6      | Found an ancient bone altar of Kikubaaqudgha.
  3634 | D:6      | Reached XP level 8. HP: 68/81 MP: 8/8
  3809 | D:6      | Found an opulent altar of Gozag.
  3874 | D:6      | Found a glowing silver altar of Zin.
  3924 | D:6      | Reached ** piety under Okawaru
  4103 | D:6      | Found a burning altar of Makhleb.
  4254 | D:7      | Found a flagged portal.
  4266 | D:7      | Reached skill level 6 in Fighting
  4273 | D:7      | Reached skill level 8 in Unarmed Combat
  4313 | Bailey   | Entered a bailey
  4487 | Bailey   | HP: 14/84 [gnoll/halberd of electrocution (16)]
  4487 | Bailey   | Slain by a gnoll

Skill      XL: |  1  2  3  4  5  6  7  8 |
---------------+-------------------------+-----
Fighting       | 1 2 3 4 5 6 |  6.5
Unarmed Combat | 4 5 6 7 8 |  8.4
Dodging        | |  1.5
Spellcasting   | |  1.2
Transmutations | |  1.3

Action                   |  1- 3 |  4- 6 |  7- 9 || total
-------------------------+-------+-------+-------++-------
Melee: Unarmed           |   148 |   126 |   177 ||   451
Throw: Tomahawk          |       |       |     6 ||     6
  Use: Scroll            |       |     2 |       ||     2
       Potion            |       |       |     2 ||     2
  Eat: Chunk             |    19 |    12 |    16 ||    47
Armor: Robe              |    54 |    25 |    49 ||   128
Dodge: Dodged            |    84 |    22 |    60 ||   166
Block: Shield            |       |    28 |    60 ||    88

Vault maps used:
D:1:      tarquinn_simple_flora_water_e, st_stairs_14
D:2:      old_standard_altar, chequers_big_river, trog_butcher_becter
D:3:      kennysheep_pointless_box
D:4:      evilmike_ruin_ashenzari, serial_shops, shop, grunt_dithmenos_smoke
D:5:      lemuel_insect_pit, minmay_temple_entry_fiery, first_ration
D:6:      kennysheep_mini_moat, grunt_temple_overflow_open, grunt_gozag_statues,
          nicolae_overflow_crystal_walls
D:7:      enter_bailey_2, grunt_livestock, kennysheep_generic_room_10
Temple:   cyrus_circular_temple
Bailey:   bailey_axe_2, bailey

Table legend:
 A = Turns spent in this place as a percentage of turns spent in the entire game.
 B = Non-inter-level travel turns spent in this place as a percentage of non-inter-level travel turns spent in the entire game.
 C = Inter-level travel turns spent in this place as a percentage of turns spent in this place.
 D = Turns resting spent in this place as a percentage of non-inter-level travel turns spent in this place.
 E = Turns spent auto-exploring this place as a percentage of non-inter-level travel turns spent in this place.
 F = Non-inter-level travel turns spent in this place divided by the number of levels of this place that you've seen.
                   A       B       C       D       E      F
               +-------+-------+-------+-------+-------+----------------------
         Total | 100.0 | 100.0 |   3.5 |   0.4 |  71.9 | 481.1
       Dungeon |  95.9 |  95.7 |   3.6 |   0.4 |  74.1 | 592.1
        Temple |   0.2 |   0.3 |   0.0 |   0.0 |   9.1 |  11.0
        Bailey |   3.9 |   4.0 |   0.0 |   0.0 |  23.0 | 174.0
               +-------+-------+-------+-------+-------+----------------------

Table legend:
 A = Kills in this place as a percentage of kills in entire the game.
 B = Kills by you in this place as a percentage of kills by you in the entire game.
 C = Kills by friends in this place as a percentage of kills by friends in the entire game.
 D = Other kills in this place as a percentage of other kills in the entire game.
 E = Experience gained in this place as a percentage of experience gained in the entire game.
 F = Experience gained in this place divided by the number of levels of this place that you have seen.
                   A       B       C       D       E      F
               +-------+-------+-------+-------+-------+----------------------
         Total | 100.0 | 100.0 |   N/A |   N/A | 100.0 | 259.7
       Dungeon |  85.8 |  85.8 |   N/A |   N/A |  95.3 | 318.0
        Bailey |  14.2 |  14.2 |   N/A |   N/A |   4.7 | 111.0
               +-------+-------+-------+-------+-------+----------------------
